Unix NetHack Version 3.7.0-95 Work-in-progress - last build Jan 1 2024 20:51:50 (6a0ccc5fa2390e420dd2d488a2f9488d2ae3a63b,branch:master). Game began 2024-01-05 13:23:15, ended 2024-01-05 15:38:39. elenmirie, lawful female human Knight --- -- --- ---- .| .--..-- |..| -.| ......-- ---..| |.----........-- |....-- ----..............------- -- |.....| ---............................| ----....-----......).............- |.......---....................--------- - ----))@......h.....G*................| -..----..........--........------ | |.... --.........| - .......... |*... |.........- ........- --.... |........... ....^.0 ----.. |.|..|.......... ...... -. |.|----..--*>....0 ......| --|.- ---- ....... ....- |. -......... |... |. -.----.| --- --- -- -- Elenmirie the Esquire St:14 Dx:10 Co:11 In:7 Wi:18 Ch:18 Lawful Dlvl:5 $:44 HP:0(44) Pw:49(49) AC:3 Xp:5/202 T:2916 Hungry Burdened Latest messages: You kill the gnome! You see here a violet gem. You swap places with the peaceful dwarf. The gnome hits! You hit the gnome. The gnome hits! You miss the gnome. The gnome misses! You miss the gnome. The gnome misses! You are beginning to feel weak. The gnome hits! You kill the gnome! You see here a gnome corpse. It picks up a violet gem. There is a gnome corpse here; eat it? [ynq] (n) y This gnome corpse is gamey. An arrow misses you. You stop eating the gnome corpse. You feel hungry. You hit the gnome! You are hit by an arrow! An arrow misses you. The gnome misses! You kill the gnome! You have a little trouble lifting H - a drum. I - a candle. An arrow misses you. The gnome hits! You kill the gnome! An arrow misses you. It hits! There is a partly eaten gnome corpse here; eat it? [ynq] (n) y You resume your meal. It hits! You stop eating the gnome corpse. It just misses! You feel more confident in your weapon skills. (Use the #enhance command to advance them.) You hit it. It hits! You are now more skilled in long sword. You hit it. It hits! You die... Do you want your possessions identified? [ynq] (y) y Do you want to see your attributes? [ynq] (y) y Do you want an account of creatures vanquished? [ynaq] (y) y Do you want to see your conduct and achievements? [ynq] (y) y Do you want to see the dungeon overview? [ynq] (y) y Inventory: Coins $ - 44 gold pieces Weapons a - an uncursed +1 long sword (weapon in left hand) b - an uncursed +1 lance (alternate weapon; not wielded) Armor d - an uncursed greased +0 helmet (being worn) f - an uncursed +0 pair of leather gloves (being worn) e - an uncursed +0 small shield (being worn) c - an uncursed +1 ring mail (being worn) Comestibles g - 3 uncursed apples h - 12 uncursed carrots Scrolls t - an uncursed scroll of confuse monster s - 2 uncursed scrolls of create monster z - an uncursed scroll of destroy armor p - a blessed scroll of genocide q - 8 uncursed scrolls of identify m - 2 cursed scrolls of identify B - a blessed scroll of light u - an uncursed scroll of light r - an uncursed scroll of remove curse k - an uncursed scroll of teleportation Potions w - a cursed potion of fruit juice l - 2 uncursed potions of object detection j - a cursed potion of restore ability Rings o - an uncursed ring of cold resistance y - an uncursed ring of stealth Wands v - an uncursed wand of opening (0:4) Tools H - an uncursed leather drum x - an uncursed blindfold i - an uncursed can of grease (0:24) I - an uncursed tallow candle Elenmirie the Knight's attributes: Background: You were an Esquire, a level 5 female human Knight. You were lawful, nominally on a mission for Lugh who was opposed by Brigit (neutral) and Manannan Mac Lir (chaotic). You were left-handed. You were in the Gnomish Mines, on level 5. You entered the dungeon 2916 turns ago. You had 202 experience points, 118 more were needed to attain level 6. Basics: You had 0 out of 44 hit points. You had all 49 energy points (spell power). Your armor class was 3. Your wallet contained 44 zorkmids. Autopickup was on for '$' plus thrown. Final Characteristics: Your strength was 14 (limit:18/100). Your dexterity was 10 (limit:18). Your constitution was 11 (limit:18). Your intelligence was 7 (limit:18). Your wisdom was 18 (limit:18). Your charisma was 18 (limit:18). Final Status: You were hungry. You were burdened; movement was slightly slowed. You were wielding a long sword. You were skilled in long sword. Final Attributes: You were piously aligned. You could jump. You were warded. You are dead. Miscellaneous: You never encountered a bones level. Total elapsed playing time was 50 minutes and 34 seconds. Major events: Turn 1: elenmirie the lawful female human Knight entered the dungeon 1137: attained the rank of Esquire (level 3) 1883: entered the Gnomish Mines 2916: killed by an invisible gnome lord Vanquished creatures: a small mimic a horse a gnome mummy a mountain nymph an Uruk-hai a rock piercer a fog cloud a shrieker a gnome leader a giant ant a little dog a floating eye a wererat 3 iguanas an acid blob 2 gas spores a cave spider 9 gnomes a gnome zombie a gecko 4 jackals a fox a goblin 2 sewer rats 5 grid bugs 2 bats 4 lichens 2 kobold zombies 6 newts 58 creatures vanquished. No species were genocided or became extinct. Voluntary challenges: You were an atheist. You were illiterate. You never engraved Elbereth. You never genocided any monsters. You never polymorphed an object. You never changed form. You used no wishes. Achievements: You entered a shop. You attained the rank of Esquire. You entered the Gnomish Mines. The Dungeons of Doom: levels 1 to 6 Level 1: Level 2: Level 3: Level 4: "exp water (holy prob) in shop" A fountain. Stairs down to The Gnomish Mines. Level 5: Level 6: A sink. The Gnomish Mines: Level 5: <- You were here. Final resting place for you, killed by an invisible gnome lord. Game over: ---------- / \ / REST \ / IN \ / PEACE \ / \ | elenmirie | | 44 Au | | killed by an | | invisible gnome | | lord | | | | 2024 | *| * * * | * _________)/\\_//(\/(/\)/\//\/|_)_______ Fare thee well elenmirie the Knight... You died in The Gnomish Mines on dungeon level 5 with 1098 points, and 44 pieces of gold, after 2916 moves. You were level 5 with a maximum of 44 hit points when you died.